AAA
OTTAWA BEAVERS @ LYNN PATRIOTS
08/24/2059
 
TOP OF THE 1ST
Ottawa Beavers batting - Pitching for Lynn Patriots : RHP Chas Lee
Pitching: RHP Chas Lee
Batting: SHB Darren Clark 0-0: Ball
1-0: Ball
2-0: Fly out, F8 (Flyball, 8LD, EV 87.5 MPH)
Batting: RHB Jaboree Kafengauz 0-0: Foul Ball, location: 2F
0-1: Foul Ball, location: 2F
0-2: Foul Ball, location: 2F
0-2: Ball
1-2: Ball
2-2: Ball
3-2: Foul Ball, location: 2F
3-2: Fly out, F8 (Flyball, 8RD, EV 96.9 MPH)
Batting: LHB Romeo Nester 0-0: Ball
1-0: Ground out 4-3 (Groundball, 4MD, EV 87.5 MPH)
Top of the 1st over - 0 runs, 0 hits, 0 errors, 0 left on base; Ottawa 0 - Lynn 0
BOTTOM OF THE 1ST
Lynn Patriots batting - Pitching for Ottawa Beavers : RHP Sidney Veisflog
Pitching: RHP Sidney Veisflog
Batting: RHB Paxton Barnett 0-0: Ground out 5-3 (Groundball, 5, EV 84.4 MPH)
Batting: RHB Garret Hoffman 0-0: Ball
1-0: SINGLE (Line Drive, 8LS, EV 112.5 MPH)
Batting: RHB Mike Thompson Pickoff Play to 1st, Runner tries for 2nd, SAFE after rundown.
0-0: Ball
Wild Pitch!
Garret Hoffman to third
1-0: Ball
2-0: Foul Ball, location: 2F
2-1: SINGLE (Flyball, 34D, EV 85.6 MPH)
Garret Hoffman scores
Batting: RHB Rodrick Madhubuti 0-0: Ball
1-0: Ball
2-0: Foul Ball, location: 2F
2-1: Foul Ball, location: 2F
2-2: Foul Ball, location: 2F
2-2: Ball
3-2: Grounds into double play, 1-4-3 (Groundball, 15S, EV 65.6 MPH)
Bottom of the 1st over - 1 run, 2 hits, 0 errors, 0 left on base; Ottawa 0 - Lynn 1
TOP OF THE 2ND
Ottawa Beavers batting - Pitching for Lynn Patriots : RHP Chas Lee
Batting: LHB Cole Tester 0-0: Called Strike
0-1: Ball
1-1: Fly out, F8 (Flyball, 89D, EV 105.0 MPH)
Batting: RHB Gavin Wright 0-0: Called Strike
0-1: Foul Ball, location: 2F
0-2: Fly out, F5 (Line Drive, 5, EV 65.6 MPH)
Batting: LHB Evan Dollar 0-0: Ball
1-0: Ball
2-0: Foul Ball, location: 2F
2-1: Ground out U3 (Groundball, 3, EV 85.0 MPH)
Top of the 2nd over - 0 runs, 0 hits, 0 errors, 0 left on base; Ottawa 0 - Lynn 1
BOTTOM OF THE 2ND
Lynn Patriots batting - Pitching for Ottawa Beavers : RHP Sidney Veisflog
Batting: LHB Deshaun Hone 0-0: Called Strike
0-1: SINGLE (Groundball, 4D, EV 111.9 MPH)
Batting: LHB Brandt Bagishaev 0-0: Called Strike
0-1: Ball
1-1: Called Strike
1-2: Fly out, F7 (Flyball, 7S, EV 88.1 MPH)
Batting: LHB Kyle Cherry 0-0: Foul Ball, location: 2F
0-1: Swinging Strike
0-2: Ball
1-2: Foul Ball, location: 2F
1-2: Strikes out looking
Batting: RHB O.K. Emelyantsev 0-0: Swinging Strike
0-1: Ball
Deshaun Hone is caught stealing 2nd base 2-4
Bottom of the 2nd over - 0 runs, 1 hit, 0 errors, 0 left on base; Ottawa 0 - Lynn 1
TOP OF THE 3RD
Ottawa Beavers batting - Pitching for Lynn Patriots : RHP Chas Lee
Batting: RHB Taylor Allison 0-0: Ground out 4-3 (Groundball, 4S, EV 70.6 MPH)
Batting: RHB Omari Stubbs 0-0: Called Strike
0-1: Ball
1-1: Foul Ball, location: 2F
1-2: Ball
2-2: Strikes out swinging
Batting: RHB Erick Hartman 0-0: Fly out, F8 (Flyball, 8LM, EV 87.5 MPH)
Top of the 3rd over - 0 runs, 0 hits, 0 errors, 0 left on base; Ottawa 0 - Lynn 1
BOTTOM OF THE 3RD
Lynn Patriots batting - Pitching for Ottawa Beavers : RHP Sidney Veisflog
Batting: RHB O.K. Emelyantsev 0-0: SINGLE (Line Drive, 9LS, EV 98.8 MPH)
Batting: RHB Scottie Viele 0-0: Swinging Strike
0-1: Ball
O.K. Emelyantsev steals 2nd base
1-1: Ball
2-1: Ball
3-1: Ground out 1-3 (Groundball, 15, EV 71.9 MPH)
Batting: RHB Paxton Barnett 0-0: SINGLE (Line Drive, 7S, EV 93.8 MPH)
O.K. Emelyantsev to third
Runner from 3rd tries for Home, SAFE, throw by LF to home
Batting: RHB Garret Hoffman 0-0: Ball
Paxton Barnett steals 2nd base
1-0: Swinging Strike
1-1: Ball
2-1: SINGLE (Groundball, 6MD, EV 97.5 MPH)
Paxton Barnett to third
Batting: RHB Mike Thompson 0-0: Ball
1-0: Foul Ball, location: 2F
1-1: Ball
2-1: Fly out, F8 (Line Drive, 89M, EV 95.6 MPH)
Runner from 3rd tags up, OUT at HOME! 8-2
Bottom of the 3rd over - 1 run, 3 hits, 0 errors, 1 left on base; Ottawa 0 - Lynn 2
TOP OF THE 4TH
Ottawa Beavers batting - Pitching for Lynn Patriots : RHP Chas Lee
Batting: SHB Darren Clark 0-0: Called Strike
0-1: Ball
1-1: Foul Ball, location: 2F
1-2: Ball
2-2: Ground out 6-3 (Groundball, 6, EV 78.1 MPH)
Batting: RHB Jaboree Kafengauz 0-0: Ball
1-0: Ball
2-0: Called Strike
2-1: Foul Ball, location: 2F
2-2: Strikes out looking
Batting: LHB Romeo Nester 0-0: Swinging Strike
0-1: DOUBLE (Flyball, 8LXD, EV 95.6 MPH)
Batting: LHB Cole Tester 0-0: Swinging Strike
0-1: Ball
1-1: Foul Ball, location: 2F
1-2: Ball
2-2: Foul Ball, location: 2F
2-2: Foul Ball, location: 2F
2-2: Strikes out swinging
Top of the 4th over - 0 runs, 1 hit, 0 errors, 1 left on base; Ottawa 0 - Lynn 2
BOTTOM OF THE 4TH
Lynn Patriots batting - Pitching for Ottawa Beavers : RHP Sidney Veisflog
Batting: RHB Rodrick Madhubuti 0-0: Ball
1-0: Ball
2-0: Ball
3-0: Called Strike
3-1: SINGLE (Groundball, 5S, EV 94.4 MPH)
Batting: LHB Deshaun Hone 0-0: Foul Ball, location: 2F
0-1: Fly out, F7 (Flyball, 78S, EV 95.0 MPH)
Batting: LHB Brandt Bagishaev 0-0: Ball
1-0: Ball
Wild Pitch!
Rodrick Madhubuti to second
2-0: Ball
3-0: Base on Balls
Batting: LHB Kyle Cherry 0-0: Ball
1-0: Foul Ball, location: 2F
1-1: Ball
2-1: Foul Ball, location: 2F
2-2: Grounds into double play, 6-4-3 (Groundball, 6, EV 80.6 MPH)
Bottom of the 4th over - 0 runs, 1 hit, 0 errors, 1 left on base; Ottawa 0 - Lynn 2
TOP OF THE 5TH
Ottawa Beavers batting - Pitching for Lynn Patriots : RHP Chas Lee
Batting: RHB Gavin Wright 0-0: Foul Ball, location: 2F
0-1: Fly out, F3 (Popup, 3SF, EV 74.4 MPH)
Batting: LHB Evan Dollar 0-0: Foul Ball, location: 2F
0-1: Ball
1-1: Ball
2-1: Swinging Strike
2-2: Ball
3-2: Hit by Pitch
Batting: RHB Taylor Allison 0-0: Hit by Pitch
Evan Dollar to second
Batting: RHB Omari Stubbs 0-0: Ball
Wild Pitch!
Evan Dollar to third
Taylor Allison to second
1-0: Ball
2-0: Ball
3-0: Base on Balls
Batting: RHB Erick Hartman 0-0: Called Strike
0-1: Called Strike
0-2: Ball
1-2: Strikes out swinging
Batting: SHB Darren Clark 0-0: Fly out, F9 (Line Drive, 9S, EV 91.9 MPH)
Top of the 5th over - 0 runs, 0 hits, 0 errors, 3 left on base; Ottawa 0 - Lynn 2
BOTTOM OF THE 5TH
Lynn Patriots batting - Pitching for Ottawa Beavers : RHP Sidney Veisflog
Batting: RHB O.K. Emelyantsev 0-0: SINGLE (Groundball, 56D, EV 94.4 MPH)
Batting: RHB Scottie Viele 0-0: Sac Bunt to 25 - play at first, batter OUT! 5-3
O.K. Emelyantsev to second
Batting: RHB Paxton Barnett 0-0: Ball
1-0: Ball
2-0: Called Strike
2-1: Ball
3-1: SINGLE (Groundball, 6M, EV 95.0 MPH) (infield hit)
O.K. Emelyantsev to third
Batting: RHB Garret Hoffman 0-0: Grounds into double play, 4-6-3 (Groundball, 4, EV 109.4 MPH)
Bottom of the 5th over - 0 runs, 2 hits, 0 errors, 1 left on base; Ottawa 0 - Lynn 2
TOP OF THE 6TH
Ottawa Beavers batting - Pitching for Lynn Patriots : RHP Chas Lee
Batting: RHB Jaboree Kafengauz 0-0: Fly out, F9 (Line Drive, 9S, EV 90.0 MPH)
Batting: LHB Romeo Nester 0-0: Fly out, F7 (Flyball, 7LM, EV 84.4 MPH)
Batting: LHB Cole Tester 0-0: Called Strike
0-1: Ball
1-1: Called Strike
1-2: Ball
2-2: Foul Ball, location: 2F
2-2: Foul Ball, location: 2F
2-2: Ball
3-2: Foul Ball, location: 2F
3-2: Foul Ball, location: 2F
3-2: Ground out 4-3 (Groundball, 4, EV 80.0 MPH)
Top of the 6th over - 0 runs, 0 hits, 0 errors, 0 left on base; Ottawa 0 - Lynn 2
BOTTOM OF THE 6TH
Lynn Patriots batting - Pitching for Ottawa Beavers : RHP Sidney Veisflog
Batting: RHB Mike Thompson 0-0: Swinging Strike
0-1: Ball
1-1: Foul Ball, location: 2F
1-2: Foul Ball, location: 2F
1-2: SINGLE (Flyball, 89S, EV 83.1 MPH)
Batting: RHB Rodrick Madhubuti 0-0: Called Strike
0-1: Ball
1-1: Ball
2-1: Ball
3-1: Called Strike
3-2: Foul Ball, location: 2F
3-2: Strikes out looking
Batting: LHB Deshaun Hone 0-0: Ball
1-0: Called Strike
1-1: Called Strike
1-2: Ball
2-2: Foul Ball, location: 2F
2-2: DOUBLE (Flyball, 8LXD, EV 93.8 MPH)
Mike Thompson to third
Batting: LHB Brandt Bagishaev 0-0: Called Strike
0-1: Ball
1-1: Swinging Strike
1-2: Ball
2-2: Fly out, F8 (Flyball, 78D, EV 101.2 MPH)
Runner from 3rd tags up, SCORES, throw by CF
Batting: LHB Kyle Cherry 0-0: Ground out 4-3 (Groundball, 4S, EV 86.2 MPH)
Bottom of the 6th over - 1 run, 2 hits, 0 errors, 1 left on base; Ottawa 0 - Lynn 3
TOP OF THE 7TH
Ottawa Beavers batting - Pitching for Lynn Patriots : RHP Chas Lee
Batting: RHB Gavin Wright 0-0: Swinging Strike
0-1: Ball
1-1: Swinging Strike
1-2: Ball
2-2: Foul Ball, location: 2F
2-2: SINGLE (Groundball, 34D, EV 100.6 MPH)
Batting: LHB Evan Dollar 0-0: Ball
1-0: Ball
2-0: SINGLE (Line Drive, 78S, EV 102.5 MPH)
Gavin Wright to second
Batting: RHB Taylor Allison 0-0: Called Strike
0-1: Ball
1-1: Fly out, F9 (Flyball, 9S, EV 86.9 MPH)
Batting: RHB Omari Stubbs 0-0: Called Strike
0-1: Foul Ball, location: 2F
0-2: Strikes out swinging
Pinch Hitting: RHB Carlos Kinney 0-0: Called Strike
0-1: Ball
1-1: Foul Ball, location: 2F
1-2: Ball
2-2: Fly out, F7 (Flyball, 7LMF, EV 75.0 MPH)
Top of the 7th over - 0 runs, 2 hits, 0 errors, 2 left on base; Ottawa 0 - Lynn 3
BOTTOM OF THE 7TH
Lynn Patriots batting - Pitching for Ottawa Beavers : RHP Sidney Veisflog
Now in CF: Dennis Daley
Batting: RHB O.K. Emelyantsev 0-0: Ball
1-0: Ground out 4-3 (Groundball, 4, EV 85.6 MPH)
Batting: RHB Scottie Viele 0-0: Foul Ball, location: 2F
0-1: Ball
1-1: Swinging Strike
1-2: Strikes out looking
Batting: RHB Paxton Barnett 0-0: Ball
1-0: Called Strike
1-1: Ball
2-1: Ground out 6-3 (Groundball, 56, EV 83.8 MPH)
Bottom of the 7th over - 0 runs, 0 hits, 0 errors, 0 left on base; Ottawa 0 - Lynn 3
TOP OF THE 8TH
Ottawa Beavers batting - Pitching for Lynn Patriots : RHP Chas Lee
Batting: SHB Darren Clark 0-0: Hit by Pitch
Batting: RHB Jaboree Kafengauz 0-0: Fly out, F8 (Line Drive, 8LD, EV 90.0 MPH)
Batting: LHB Romeo Nester 0-0: Ball
1-0: Ball
2-0: Ball
3-0: Called Strike
3-1: Swinging Strike
3-2: Base on Balls
Darren Clark to second
Batting: LHB Cole Tester 0-0: Swinging Strike
0-1: Ball
1-1: Foul Ball, location: 2F
1-2: Strikes out swinging
Batting: RHB Gavin Wright 0-0: SINGLE (Groundball, 34D, EV 96.9 MPH)
Darren Clark to third
Romeo Nester to second
Runner from 3rd tries for Home, SAFE, throw by RF to home
Pitching: LHP Nathan Swenson
Pinch Runner at 2nd Abel Valley:
Batting: LHB Evan Dollar 0-0: Called Strike
0-1: Ball
1-1: Foul Ball, location: 2F
1-2: Strikes out swinging
Top of the 8th over - 1 run, 1 hit, 0 errors, 2 left on base; Ottawa 1 - Lynn 3
BOTTOM OF THE 8TH
Lynn Patriots batting - Pitching for Ottawa Beavers : RHP Sidney Veisflog
Batting: RHB Garret Hoffman 0-0: SINGLE (Flyball, 8RS, EV 91.2 MPH)
Batting: RHB Mike Thompson 0-0: Called Strike
Garret Hoffman is caught stealing 2nd base 2-4
0-1: Reached on error, E5 (Groundball, 56, EV 86.2 MPH)
Batting: RHB Rodrick Madhubuti 0-0: Intentional Walk
Batting: LHB Deshaun Hone 0-0: Ball
1-0: Ball
2-0: Ball
3-0: Called Strike
3-1: Fly out, F8 (Flyball, 8LM, EV 90.0 MPH)
Pitching: LHP Garrett Chartrand
Batting: LHB Brandt Bagishaev 0-0: Ball
1-0: Foul Ball, location: 2F
1-1: Foul Ball, location: 2F
1-2: Strikes out swinging
Bottom of the 8th over - 0 runs, 1 hit, 1 error, 2 left on base; Ottawa 1 - Lynn 3
TOP OF THE 9TH
Ottawa Beavers batting - Pitching for Lynn Patriots : LHP Nathan Swenson
Pitching: RHP Tommy Pitz
Now at 1B: Paxton Barnett
Now at 2B: Xavier Amaro
Now in LF: Chase Corman
Batting: RHB Taylor Allison 0-0: Ball
1-0: Swinging Strike
1-1: Foul Ball, location: 2F
1-2: Strikes out swinging
Batting: RHB Omari Stubbs 0-0: Ball
1-0: Ground out 6-3 (Groundball, 6M, EV 95.6 MPH)
Batting: SHB Dennis Daley 0-0: Ground out 5-3 (Groundball, 56, EV 80.0 MPH)
Top of the 9th over - 0 runs, 0 hits, 0 errors, 0 left on base; Ottawa 1 - Lynn 3
Monday, March 25th , 2024 - OOTP Baseball 23.10 Build 110